 Dungeon Crawl Stone Soup version 0.28-a0-1235-g7c8fac35f0 (webtiles) character file.

Game seed: 1348694788637545212

404 r3xj the Skirmisher (level 6, -7/55 (57) HPs)
             Began as a Minotaur Fighter on Dec 24, 2021.
             Was an Initiate of Okawaru.
             Mangled by a wight (13 damage)
             ... on level 6 of the Dungeon.
             The game lasted 00:02:34 (2609 turns).

r3xj the Skirmisher (Minotaur Fighter)              Turns: 2609, Time: 00:02:35

HP:   -7/55 (57)    AC:  7    Str: 23    XL:     6   Next: 56%
MP:   5/5           EV: 10    Int:  5    God:    Okawaru [......]
Gold: 127           SH:  4    Dex:  9    Spells: 5/5 levels left

rFire   . . .      SeeInvis .   a - +0 flail
rCold   . . .      Faith    .   c - +0 buckler
rNeg    . . .      Spirit   .   b - +0 scale mail
rPois   .          Reflect  .   (helmet restricted)
rElec   .          Harm     .   (no cloak)
rCorr   .          Rampage  .   (no gloves)
Will    .....                   (no boots)
Stlth   ..........              (no amulet)
HPRegen 0.18/turn               (no ring)
MPRegen 0.09/turn               (no ring)

@: lightly drained
A: horns 2, retaliatory headbutt
a: Renounce Religion


You were on level 6 of the Dungeon.
You worshipped Okawaru.
Okawaru was noncommittal.
You visited 2 branches of the dungeon, and saw 5 of its levels.

You collected 127 gold pieces.

Inventory:

Hand Weapons
 a - a +0 flail (weapon)
Missiles
 h - 12 poisoned darts (quivered)
Armour
 b - a +0 scale mail (worn)
 c - a +0 buckler (worn)
Scrolls
 i - 5 scrolls of identify {unknown}
 m - a scroll of acquirement {unknown}
Potions
 d - a potion of might
 e - a potion of heal wounds {unknown}
 f - a potion of curing {unknown}
 g - a potion of lignification {unknown}
 j - a potion of attraction {unknown}
 k - a potion of degeneration {unknown}
 l - a potion of mutation {unknown}


   Skills:
 + Level 5.9 Fighting
 + Level 5.1 Maces & Flails
 + Level 5.9 Armour
 - Level 4.0 Shields


You had 5 spell levels left.
You didn't know any spells.
Your spell library contained the following spells:

 Spells                   Type           Power      Damage    Failure   Level
 Sandblast                Erth           0%         2d4       77%         1
 Corpse Rot               Necr/Air       0%         N/A       88%         2
 Passwall                 Tmut/Erth      0%         N/A       88%         2
 Stone Arrow              Conj/Erth      0%         3d7       98%         3
 Dispel Undead            Necr           0%         3d6       100%        4
 Death Channel            Necr           Unusable   N/A       N/A         6

Dungeon Overview and Level Annotations

Branches:
Dungeon (6/15)             Temple (1/1) D:6

Altars:
Ashenzari
Cheibriados
Dithmenos
Elyvilon
Fedhas
Gozag
Hepliaklqana
Kikubaaqudgha
Makhleb
Okawaru
Qazlal
Ru
Sif Muna
Trog
Uskayaw
Vehumet
Wu Jian
Xom
Yredelemnul
Zin
The Shining One


Innate Abilities, Weirdness & Mutations

You have a pair of horns on your head.
You reflexively headbutt those who attack you in melee.


Message History

A wight comes into view. It is wielding a +0 battleaxe.
The wight hits you with a +2 long sword.
You feel drained.
The wight moves out of view.
There is a staircase to the Ecumenical Temple here.
You sock the wight!
You destroy the wight!
Okawaru accepts your kill.
Your life force feels restored.
Your Maces & Flails skill increases to level 5!
A wight comes into view.
It is wielding a +4 halberd of freezing.
You barely miss the wight. You headbutt the wight!
The wight is heavily damaged.
The wight closely misses you. You furiously retaliate!
You headbutt the wight!
A wight comes into view. It is wielding a +1 trident.
You barely miss the wight.
The wight is almost destroyed.
You block the wight's attack.
You closely miss the wight.
The wight is almost destroyed.
The wight hits you with a +0 battleaxe!
You feel drained.
You hit the wight.
You destroy the wight!
Okawaru accepts your kill.
The wight hits you from afar with a +4 halberd of freezing.
The wight freezes you.
Your life force feels restored.
The wight hits you with a +4 halberd of freezing!
The wight freezes you.
You are too injured to fight recklessly!
You are too injured to fight recklessly!
The wight hits you from afar with a +4 halberd of freezing!
* * * LOW HITPOINT WARNING * * *
You feel drained.
* * * LOW HITPOINT WARNING * * *
The wight freezes you.
* * * LOW HITPOINT WARNING * * *
There is a staircase to the Ecumenical Temple here.
You can't go up here!
The wight hits you from afar with a +4 halberd of freezing!
You die...

#.......)).....# ##
#.....#######.###..##
....##.# #.........#
##.# #.# #.#........
#. #.# #...###.... .
#.# #..#####.## ##
#.# #.[(##.##.## #.#
#...[...#..# #.#
#..#..@)..#.#
#.###.......# #..
##z.####..# .^..
#z)## .?
....##..#...# ...
...........
...####...### #.##
..## .. ..#


You could see 2 wights.

Vanquished Creatures
  Sigmund (D:2)
  A water moccasin skeleton (D:6)
  2 wights (D:6)
  An orc wizard (D:6)
  2 worms (D:2)
  3 dart slugs
  7 orcs
  2 bat skeletons (D:2)
  2 endoplasms (D:2)
  2 giant cockroaches
  6 goblins
  4 hobgoblins
  A jackal (D:2)
  3 kobolds (D:1)
  2 quokkas (D:2)
  6 ball pythons
  A ball python skeleton (D:2)
  6 bats
  3 frilled lizards (D:2)
  A jackal zombie (D:2)
  A quokka skeleton (D:2)
  A quokka zombie (D:2)
  2 rats (D:1)
60 creatures vanquished.

Notes
Turn   | Place    | Note
-------+----------+-------------------------------------------
     0 | D:1      | r3xj the Minotaur Fighter began the quest for the Orb.
     0 | D:1      | Reached XP level 1. HP: 19/19 MP: 0/0
   199 | D:1      | Reached XP level 2. HP: 23/27 MP: 1/1
   284 | D:1      | Found a faded altar of an unknown god.
   785 | D:2      | Reached XP level 3. HP: 26/33 MP: 2/2
   872 | D:2      | Noticed Sigmund
   892 | D:2      | Killed Sigmund
   893 | D:2      | Reached skill level 5 in Fighting
   893 | D:2      | Reached skill level 5 in Armour
   893 | D:2      | Reached XP level 4. HP: 26/42 MP: 3/3
   893 | D:2      | Reached XP level 5. HP: 30/48 MP: 4/4
  1863 | D:3      | You fall into a shaft and drop 3 floors!
  1899 | D:6      | Reached XP level 6. HP: 47/56 MP: 5/5
  1956 | D:6      | Found a staircase to the Ecumenical Temple.
  1978 | Temple   | Entered the Ecumenical Temple
  2566 | Temple   | Became a worshipper of Warmaster Okawaru
  2599 | D:6      | Reached skill level 5 in Maces & Flails
  2609 | D:6      | Mangled by a wight

Illustrated notes

Levels and vault maps discovered:
D:1:      co_arrival_random_square_maze, layout_rooms,
          shapermc_ecumenical_altar_flowoftime
D:2:      layout_loops_ring, serial_undead, serial_undead_a, serial_undead_f,
          serial_undead_a, serial_undead_e, serial_undead_b, serial_undead_c,
          st_stairs_13, kennysheep_generic_room_15, uniq_sigmund
D:3:      layout_basic, uniq_natasha
D:6:      layout_loops_ring, minmay_temple_entry_wispy
Temple:   kilobyte_greek_temple

Skill      XL: |  1  2  3  4  5  6 |
---------------+-------------------+-----
Fighting       | 4 5 |  5.9
Armour         | 4 5 |  5.9
Shields        | 4 |  4.0
Maces & Flails | 3 4 5 |  5.1

Action                   |  1- 3 |  4- 6 || total
-------------------------+-------+-------++-------
Melee: Flail             |    62 |    83 ||   145
       Headbutt          |     8 |    15 ||    23
Armor: Scale mail        |    25 |    37 ||    62
Dodge: Dodged            |    32 |    41 ||    73
Block: Buckler           |    10 |    16 ||    26

Table legend: (Time is in decaauts)
 A = Elapsed time spent in this place.
 B = Non-inter-level travel time spent in this place.
 C = Inter-level travel time spent in this place.
 D = Time resting spent in this place.
 E = Time spent auto-exploring this place.
 F = Levels seen in this place.
 G = Mean time per level.
                   A        B        C        D        E       F      G
               +--------+--------+--------+--------+--------+-----+--------+
         Total |   2639 |   2510 |    129 |    360 |   1783 |   5 |  527.8 |
       Dungeon |   2021 |   1952 |     69 |      0 |   1591 |   4 |  505.2 |
        Temple |    618 |    558 |     60 |    360 |    192 |   1 |  618.0 |
               +--------+--------+--------+--------+--------+-----+--------+

Top non-repeatable levels by time:
     D:2: 995 daAuts
     D:1: 700 daAuts
  Temple: 618 daAuts
     D:3: 191 daAuts
     D:6: 133 daAuts
